 Dungeon Crawl Stone Soup version 0.25-a0-786-g5b70d41e48 (webtiles) character file.

Game seed: 6226773051536510248, levelgen mode: deterministic

436 Maedhros the Sneak (level 7, -6/43 HPs)
             Began as an Octopode Artificer on Apr 18, 2020.
             Mangled by a worm (9 damage)
             ... on level 6 of the Dungeon.
             The game lasted 00:03:15 (2804 turns).

Maedhros the Sneak (Octopode Artificer)             Turns: 2804, Time: 00:03:16

Health: -6/43      AC:  1    Str: 12    XL:     7   Next: 1%
Magic:  10/10      EV: 13    Int: 13    God:
Gold:   83         SH:  0    Dex: 14    Spells: 4/6 levels left

rFire    . . .     SeeInvis .   a - +0 short sword
rCold    . . .     Gourm    .   (no shield)
rNeg     . . .     Faith    .   (helmet restricted)
rPois    .         Spirit   .   (no amulet)
rElec    .         Reflect  .   h - ring of stealth
rCorr    .         Harm     .   (no ring)
MR       .....                  (no ring)
Stlth    +++++.....             (no ring)
HPRegen  0.14/turn              (no ring)
MPRegen  0.12/turn              (no ring)
                                (no ring)
                                (no ring)

@: no status effects
A: almost no armour, stealthy swim, amphibious, 8 rings, constrict 8, camouflage
1, gelatinous body 1
a: no special abilities


You were on level 6 of the Dungeon.
You were not hungry.

You visited 1 branch of the dungeon, and saw 6 of its levels.

You collected 83 gold pieces.

Inventory:

Hand Weapons
 a - a +0 short sword (weapon)
Jewellery
 h - a ring of stealth (left tentacle)
Wands
 b - a wand of flame (13)
 c - a wand of enslavement (5)
 d - a wand of random effects (11)
Scrolls
 e - 5 scrolls of identify {unknown}
 k - 3 scrolls of teleportation {unknown}
Potions
 i - a potion of lignification {unknown}
 l - a potion of degeneration {unknown}
 m - a potion of berserk rage {unknown}
Comestibles
 f - 3 rations


   Skills:
 - Level 1.0 Fighting
 - Level 1.0 Short Blades
 - Level 2.0 Dodging
 + Level 5.0 Stealth
 * Level 4.7 Unarmed Combat
 + Level 5.0 Evocations


You had 4 spell levels left.
You knew the following spells:

 Your Spells              Type           Power        Failure   Level  Hunger
a - Animate Skeleton      Necr           N/A          30%         1    ##.....
b - Apportation           Tloc           #.....       30%         1    ##.....

Your spell library contained the following spells:

 Spells                   Type           Power        Failure   Level  Hunger
 Corona                   Hex            #......      30%         1    ##.....
 Magic Dart               Conj           #...         30%         1    ##.....
 Summon Small Mammal      Summ           #...         30%         1    ##.....
 Searing Ray              Conj           #.....       43%         2    ###....
 Dazzling Flash           Conj/Hex       #.....       67%         3    ####...
 Fulminant Prism          Conj/Hex       #.........   97%         4    #####..
 Iskenderun's Mystic Bla  Conj/Tloc      #.......     97%         4    #####..


Dungeon Overview and Level Annotations

Branches:
Dungeon (6/15)
 Temple: D:4-7

Altars:
Qazlal

Annotations:
D:4 Pikel


Innate Abilities, Weirdness & Mutations

You cannot wear most types of armour.
You are very stealthy in the water. (Stealth+)
You are amphibious.
You can wear up to eight rings at the same time.
You can use your tentacles to constrict eight enemies at once.
Your skin changes colour to match your surroundings (Stealth+).
Your rubbery body absorbs attacks. (AC +1, EV +1)


Message History

The worm looks stronger.
Evoke which item? (* to show all) (? for menu, Esc to quit)
Aiming: Enslavement
Press: ? - help, Shift-Dir - straight line, f/p - centaur
Aim: a centaur, wielding a -2 shortbow and quivering 15 arrows (chance to defeat MR: 61%)
The centaur resists with significant effort.
The centaur shoots an arrow.
The arrow closely misses you.
Evoke which item? (* to show all) (? for menu, Esc to quit)
Aiming: Enslavement
Press: ? - help, Shift-Dir - straight line, f/p - centaur
Aim: a centaur, wielding a -2 shortbow and quivering 14 arrows (chance to defeat MR: 61%)
The centaur resists with significant effort.
The centaur shoots an arrow.
The arrow misses you.
Evoke which item? (* to show all) (? for menu, Esc to quit)
Aiming: Enslavement
Press: ? - help, Shift-Dir - straight line, f/p - centaur
Aim: a centaur, wielding a -2 shortbow and quivering 13 arrows (chance to defeat MR: 61%)
The centaur is charmed.
Your centaur shoots an arrow.
The arrow hits the worm!
The worm bites you!
You die...

######.## #.###.#
........# #.# #.#
#######.# #.# #.#
### # #.#
#.###.#... ###.#
####..##.#.##
+...###...........#
###..##.###.##.#..#
#..##.# #w##.# #
#.###..##.# #(@c.#
...........#
###.......
.....####..#
#.##..##
#.#######..#####.#
.# #
#.....<......|.
#.#.##..####### #
#.... #.#### #.#


You could see a worm and a friendly centaur.

Vanquished Creatures
  Blork the orc (D:4)
  Edmund (D:5)
  An ogre (D:5)
  A worker ant (D:4)
  A howler monkey skeleton (D:4)
  2 adders
  A shadow imp (D:5)
  2 oozes
  A dart slug (D:3)
  A leopard gecko (D:5)
  6 orcs
  A ball python (D:3)
  2 giant cockroaches
  2 goblins (D:3)
  3 hobgoblins
  3 jackals
  A kobold (D:1)
  A quokka (D:3)
  A bat (D:2)
  A frilled lizard (D:4)
33 creatures vanquished.

Vanquished Creatures (collateral kills)
  A hound (D:4)
  A worker ant (D:4)
  A dart slug (D:2)
  A leopard gecko (D:4)
  A frilled lizard (D:4)
5 creatures vanquished.

Vanquished Creatures (others)
  A centaur (D:6)
  A jackal (D:1)
2 creatures vanquished.

Grand Total: 40 creatures vanquished

Notes
Turn   | Place    | Note
-------+----------+-------------------------------------------
     0 | D:1      | Maedhros the Octopode Artificer began the quest for the
                  | Orb.
     0 | D:1      | Reached XP level 1. HP: 13/13 MP: 3/3
    60 | D:2      | Reached skill level 1 in Unarmed Combat
    60 | D:2      | Reached XP level 2. HP: 3/18 MP: 4/4
   644 | D:3      | Reached XP level 3. HP: 23/23 MP: 5/5
  1160 | D:4      | Noticed Blork the orc
  1185 | D:4      | Reached XP level 4. HP: 21/28 MP: 6/6
  1237 | D:4      | Found a stormy altar of Qazlal.
  1724 | D:4      | HP: 1/28 [Blork the orc/magic dart (5)]
  1725 | D:4      | Killed Blork the orc
  1725 | D:4      | Reached XP level 5. HP: 2/33 MP: 8/8
  1973 | D:4      | Reached XP level 6. HP: 27/38 MP: 9/9
  2015 | D:4      | Noticed a slave
  2017 | D:4      | Noticed Pikel
  2019 | D:4      | Noticed a slave
  2019 | D:4      | Noticed a slave
  2019 | D:4      | Noticed a slave
  2076 | D:5      | Entered Level 5 of the Dungeon
  2188 | D:5      | Learned a level 1 spell: Animate Skeleton
  2190 | D:5      | Learned a level 1 spell: Apportation
  2244 | D:5      | Noticed Edmund
  2267 | D:5      | Killed Edmund
  2562 | D:5      | Reached skill level 5 in Stealth
  2562 | D:5      | Reached skill level 5 in Evocations
  2754 | D:6      | Reached XP level 7. HP: 43/43 MP: 10/10
  2804 | D:6      | Mangled by a worm

Levels and vault maps discovered:
D:1:      nzn_arrival_depleted_hourglass, layout_rooms
D:2:      layout_loops_ring, gammafunk_temple_overflow_arena
D:3:      layout_loops_ring, first_ration
D:4:      layout_layer_cave, kennysheep_little_box, vehumet_altar_wand_db,
          uniq_pikel, uniq_blork_the_orc, uniq_grinder
D:5:      layout_basic, old_standard_altar, minmay_temple_entry_glass,
          serial_shops, shop, serial_curves, eino_curves_01, eino_curves_02,
          uniq_edmund
D:6:      layout_loops_ring, lemuel_doored_altar, serial_glass, glass_columns_b,
          glass_columns_a, due_unseen_surprise, serial_shops,
          nicolae_shop_statue_plus, uniq_maggie

Skill      XL: |  1  2  3  4  5  6 |
---------------+-------------------+-----
Unarmed Combat | 1 2 3 4 |  4.7
Stealth        | 2 4 5 |  5.0
Evocations     | 4 5 |  5.0
Fighting       | |  1.0
Short Blades   | |  1.0
Dodging        | |  2.0

Action                   |  1- 3 |  4- 6 |  7- 9 || total
-------------------------+-------+-------+-------++-------
Melee: Short sword       |    56 |    51 |     2 ||   109
       Constrict         |    13 |     8 |     1 ||    22
       Tentacles         |    10 |    11 |       ||    21
Evoke: Wand              |     3 |     6 |     7 ||    16
  Use: Potion            |       |     3 |       ||     3
 Stab: Sleeping          |     5 |     2 |       ||     7
       Confused          |       |     2 |       ||     2
  Eat: Chunk             |       |     2 |       ||     2
       Ration            |       |     1 |       ||     1
Armor: Skin              |     1 |       |       ||     1
Dodge: Dodged            |    43 |    28 |     4 ||    75

Table legend:
 A = Non-vault XP
 B = Vault XP
 C = Vault XP percentage of total XP
 D = Non-vault monster count
 E = Vault monster count
 F = Vault count percentage of total count
                 A         B        C        D         E       F
            +---------+---------+-------+---------+---------+-------
      Total |     306 |     317 |  50.9 |      36 |       2 |   5.3
            +---------+---------+-------+---------+---------+-------
        D:1 |       6 |       0 |   0.0 |       3 |       0 |   0.0
        D:2 |      14 |       0 |   0.0 |       5 |       0 |   0.0
        D:3 |      48 |       0 |   0.0 |      13 |       0 |   0.0
        D:4 |     103 |     160 |  60.8 |      11 |       1 |   8.3
        D:5 |     121 |     157 |  56.5 |       3 |       1 |  25.0
        D:6 |      14 |       0 |   0.0 |       1 |       0 |   0.0
            +---------+---------+-------+---------+---------+-------
